 Dungeon Crawl Stone Soup version 0.28.0-49-g6dfe1f597d (webtiles) character file.

Game seed: 14805563335216407527

369 Zeld the Digger (level 6, -2/36 HPs)
             Began as a Gargoyle Earth Elementalist on May 16, 2022.
             Slain by an orc
             ... wielding a +0 mace
              (4 damage)
             ... on level 4 of the Dungeon.
             The game lasted 00:05:34 (4793 turns).

Zeld the Digger (Gargoyle Earth Elementalist)       Turns: 4793, Time: 00:05:35

Health: -2/36      AC:  7    Str: 14    XL:     6   Next: 70%
Magic:  19/19      EV: 12    Int: 17    God:
Gold:   182        SH:  0    Dex: 14    Spells: 5/11 levels left

rFire   . . .      SeeInvis .   a - +7 mace of Ydiogorr {vorpal, rPois Str+2 Dex+4}
rCold   . . .      Faith    .   (no shield)
rNeg    + . .      Spirit   .   b - +0 robe
rPois   ∞          Reflect  .   (no helmet)
rElec   +          Harm     .   g - +0 cloak
rCorr   .          Rampage  .   (no gloves)
Will    .....                   (no boots)
Stlth   +.........              (no amulet)
HPRegen 0.12/turn               j - ring of magical power
MPRegen 0.16/turn               (no ring)

@: confused
A: sickness immunity, AC +4, negative energy resistance 1, electricity
resistance, torment resistance 1, petrification resistance
a: no special abilities


You were on level 4 of the Dungeon.
You visited 1 branch of the dungeon, and saw 4 of its levels.

You collected 182 gold pieces.

Inventory:

Hand Weapons
 a - the +7 mace of Ydiogorr (weapon) {vorpal, rPois Str+2 Dex+4}
   (You found it on level 3 of the Dungeon)

   It inflicts extra damage upon your enemies.
   Str:       It affects your strength (+2).
   Dex:       It affects your dexterity (+4).
   rPois:     It protects you from poison.
Missiles
 c - 153 stones
Armour
 b - a +0 robe (worn)
 g - a +0 cloak (worn)
Jewellery
 j - a ring of magical power (left hand)
Scrolls
 d - 4 scrolls of identify {unknown}
 h - 5 scrolls of teleportation {unknown}
 k - 2 scrolls of enchant armour {unknown}
 l - a scroll of blinking {unknown}
 p - a scroll of immolation {unknown}
 r - a scroll of fog {unknown}
Potions
 e - a potion of mutation {unknown}
 f - a potion of might {unknown}
 i - 2 potions of degeneration {unknown}
 m - 2 potions of attraction {unknown}
 n - 2 potions of ambrosia {unknown}
 o - 2 potions of flight {unknown}
 q - a potion of curing {unknown}


   Skills:
 * Level 2.8 Fighting
 * Level 1.4 Maces & Flails
 * Level 2.7 Armour
 + Level 2.2 Dodging
 + Level 3.0 Stealth
 * Level 3.2 Spellcasting
 - Level 1.0 Transmutations
 * Level 5.0 Earth Magic


You had 5 spell levels left.
You knew the following spells:

 Your Spells              Type           Power      Damage    Failure   Level
a - Sandblast             Erth           38%        2d10      2%          1
b - Passwall              Tmut/Erth      10%        N/A       8%          2
c - Stone Arrow           Conj/Erth      22%        3d8       19%         3

Your spell library contained the following spells:

 Spells                   Type           Power      Damage    Failure   Level
 Inner Flame              Hex/Fire       2%         N/A       45%         3
 Petrify                  Tmut/Erth      12%        N/A       45%         4
 Cause Fear               Hex            1%         N/A       86%         4
 Summon Ice Beast         Ice/Summ       2%         N/A       86%         4
 Summon Mana Viper        Hex/Summ       2%         N/A       99%         5
 Monstrous Menagerie      Summ           1%         N/A       100%        7
 Discord                  Hex            1%         N/A       100%        8


Dungeon Overview and Level Annotations

Branches:
Dungeon (4/15)
 Temple: D:4-7

Altars:
Qazlal
Uskayaw
Yredelemnul


Innate Abilities, Weirdness & Mutations

You are immune to sickness and miasma.
Your stone body is resilient. (AC +4)
You are immune to poison.
You resist negative energy. (rN+)
You are resistant to electric shocks. (rElec)
You are resistant to unholy torment.
You are immune to petrification.


Message History

The orc closely misses you.
You closely miss the orc. Something hits you. The orc closely misses you.
You hear some strange, mumbled words.
A magic dart appears from out of thin air!
The magic dart hits you! The orc hits you but does no damage.
You closely miss the orc.
You hear some strange, mumbled words.
Something tries to affect you, but you resist.
The orc barely misses you. The orc barely misses you.
You hit something. The orc barely misses you.
You miss something. Something hits you but does no damage.
The orc hits you with a +0 morningstar! The orc misses you.
Something barely misses you. The orc barely misses you.
You hit the orc but do no damage. The orc hits you with a +0 mace.
The orc barely misses you. Something hits you but does no damage.
The orc misses you.
Unknown command.
You barely miss something. The orc hits you but does no damage.
The orc closely misses you. Something hits you but does no damage.
The orc barely misses you. x2
You hear some strange, mumbled words.
You are confused.
Something hits you.
You closely miss the orc. The orc barely misses you.
The orc closely misses you. Something hits you but does no damage.
The orc completely misses you. The orc barely misses you.
Something hits you but does no damage. The orc barely misses you.
You closely miss the orc. The orc hits you with a +0 morningstar!
* * * LOW HITPOINT WARNING * * *
You hear some strange, mumbled words.
You are more confused.
You barely miss the orc. The orc hits you but does no damage. x2
Something hits you but does no damage. The orc barely misses you.
You're too confused to move!
Something barely misses you. The orc hits you but does no damage.
The orc hits you with a +0 morningstar.
* * * LOW HITPOINT WARNING * * *
The orc hits you with a +0 mace.
You die...

# #.......# #.
#.......# #. #.......#
#. #.......# #.
#.......# #.
#######.......# #.
#.............########.
#....o@................
#....oo................
###...>....?.........§§
#....###.###.........
#....................
#....#.#.###.........
#....#...#...........
#....#####.##........
#....# ... #........


You could see 3 orcs.

Vanquished Creatures
  A phantom (D:4)
  An orc priest (D:4)
  Jessica (D:2)
  2 iguanas
  An orc wizard (D:4)
  A scorpion zombie (D:3)
  4 adders
  An ufetubus (D:4)
  2 adder zombies (D:3)
  A dart slug (D:3)
  6 orcs
  3 bats (D:1)
  10 endoplasms
  4 giant cockroaches
  5 hobgoblins
  5 jackals
  A quokka (D:2)
  6 ball pythons
  2 frilled lizards (D:3)
  10 goblins
  9 kobolds
  6 rats
82 creatures vanquished.

Notes
Turn   | Place    | Note
-------+----------+-------------------------------------------
     0 | D:1      | Zeld the Gargoyle Earth Elementalist began the quest for
                  | the Orb.
     0 | D:1      | Reached XP level 1. HP: 10/10 MP: 3/3
   169 | D:1      | Reached XP level 2. HP: 16/16 MP: 3/5
   245 | D:1      | Found a faded altar of an unknown god.
   652 | D:1      | Reached skill level 1 in Armour
   928 | D:1      | Reached XP level 3. HP: 20/20 MP: 4/6
   931 | D:1      | Learned a level 2 spell: Passwall
   935 | D:1      | Learned a level 3 spell: Stone Arrow
  1154 | D:2      | Reached skill level 1 in Fighting
  1185 | D:2      | Reached skill level 4 in Earth Magic
  1308 | D:2      | Noticed Jessica
  1519 | D:2      | Reached XP level 4. HP: 25/25 MP: 3/7
  1559 | D:2      | Killed Jessica
  1560 | D:2      | Reached skill level 1 in Transmutations
  2367 | D:3      | Reached XP level 5. HP: 28/30 MP: 9/9
  2447 | D:3      | Identified the +7 mace of Ydiogorr {vorpal, rPois Str+2
                  | Dex+4}
  2693 | D:3      | Found a basalt altar of Yredelemnul.
  2909 | D:3      | Found a hide-covered altar of Uskayaw.
  3478 | D:4      | Noticed a phantom
  3791 | D:4      | Killed a phantom
  3792 | D:4      | Reached skill level 1 in Maces & Flails
  3792 | D:4      | Reached XP level 6. HP: 25/36 MP: 10/10
  3918 | D:4      | Reached skill level 5 in Earth Magic
  4101 | D:4      | Found a stormy altar of Qazlal.
  4260 | D:4      | Noticed Grinder
  4260 | D:4      | Paralysed by Grinder for 4 turns
  4793 | D:4      | Slain by an orc

Illustrated notes

Levels and vault maps discovered:
D:1:      dpeg_chamrin_arrival_tetris, layout_basic,
          hellmonk_ecumenical_altar_crossroads, st_stairs_5
D:2:      layout_basic, uniq_jessica
D:3:      layout_basic, nicolae_uskayaw_murder_on_the_dancefloor,
          nicolae_yredelemnul_corpse_copse, minmay_three_crescents
D:4:      layout_basic, grunt_qazlal_sundering, uniq_grinder

Skill      XL: |  1  2  3  4  5  6 |
---------------+-------------------+-----
Armour         | 1 2 |  2.7
Fighting       | 1 2 |  2.8
Earth Magic    | 4 5 |  5.0
Transmutations | 1 |  1.0
Dodging        | 2 |  2.2
Spellcasting   | 3 |  3.2
Maces & Flails | 1 |  1.4
Stealth        | 3 |  3.0

Action                   |  1- 3 |  4- 6 || total
-------------------------+-------+-------++-------
Melee: Unarmed           |    12 |       ||    12
       Mace              |       |    76 ||    76
 Cast: Sandblast         |    46 |    49 ||    95
 Stab: Sleeping          |       |     2 ||     2
Armor: Robe              |    12 |    55 ||    67
Dodge: Dodged            |    36 |    79 ||   115
